 Dungeon Crawl Stone Soup version 0.31-a0-981-geadf994542 (webtiles) character file.

Game seed: 4540615484976525938

119 Waffleman the Chopper (level 5, 0/50 HPs)
             Began as a Hill Orc Fighter on Nov 1, 2023.
             Slain by a river rat (4 damage)
             ... in a sewer.
             The game lasted 00:09:38 (2382 turns).

Waffleman the Chopper (Hill Orc Fighter)            Turns: 2382, Time: 00:09:39

Health: 0/50       AC:  8    Str: 21    XL:     5   Next: 3%
Magic:  5/5        EV:  9    Int:  6    God:
Gold:   176        SH:  4    Dex: 10    Spells: 4/4 levels left

rFire   . . .        a - +1 war axe
rCold   . . .        c - +0 buckler
rNeg    . . .        b - +1 scale mail
rPois   .            (no helmet)
rElec   .            (no cloak)
rCorr   .            (no gloves)
SInv    .            (no boots)
Will    .....        (no amulet) Stlth
                     (no ring)
HPRegen 0.28/turn    (no ring)
MPRegen 0.09/turn

%: no passive effects
@: no status effects
A: dopey 1, robust 1
a: no special abilities


You were in a sewer.
You visited 1 branch of the dungeon, and saw 3 of its levels.
You also visited: Sewer.

You collected 176 gold pieces.

Inventory:

Hand Weapons
 a - a +1 war axe (weapon)
Armour
 b - a +1 scale mail (worn)
 c - a +0 buckler (worn)
 e - a +0 ring mail
 g - a +0 ring mail
Scrolls
 f - 2 scrolls of immolation
 h - a scroll of identify
Potions
 d - 2 potions of might
 i - a potion of ambrosia {unknown}


   Skills:
 + Level 4.2 Fighting
 + Level 4.8 Axes
 + Level 4.1 Armour
 + Level 0.4 Dodging
 + Level 0.1 Stealth
 + Level 3.6 Shields


You had 4 spell levels left.
You didn't know any spells.
Your spell library contained the following spells:

 Spells                   Type           Power      Damage    Failure   Level
 Frozen Ramparts          Ice            0%         1d1       99%         3
 Petrify                  Tmut/Erth      0%         N/A       100%        4
 Metabolic Englaciation   Hex/Ice        0%         N/A       100%        5


Dungeon Overview and Level Annotations

Branches:
Dungeon (3/15)              Sewer (1/1)

Altars:


Innate Abilities, Weirdness & Mutations

You are dopey. (Int -2)
You are robust. (+10% HP)


Message History

The rat twitches its whiskers.
The rat barely misses you.
The river rat bites you but does no damage.
The rat barely misses you. The rat bites you but does no damage.
The river rat bites you.
The rat bites you but does no damage. x2
The river rat bites you but does no damage.
The rat closely misses you. The rat bites you.
The river rat bites you but does no damage.
The rat bites you but does no damage. You block the rat's attack.
The river rat bites you. The rat barely misses you. The rat closely misses you.
The river rat bites you!
* * * LOW HITPOINT WARNING * * *
You block the rat's attack. The rat bites you.
* * * LOW HITPOINT WARNING * * *
The river rat bites you but does no damage.
You block the rat's attack. The rat closely misses you.
The river rat closely misses you.
The rat twitches its whiskers.
The rat misses you. The rat barely misses you.
The river rat bites you but does no damage.
The rat bites you.
* * * LOW HITPOINT WARNING * * *
The rat closely misses you. The river rat bites you.
* * * LOW HITPOINT WARNING * * *
The rat barely misses you. The rat bites you but does no damage.
The river rat bites you but does no damage.
You block the rat's attack. The rat barely misses you.
The river rat barely misses you. The rat closely misses you.
The rat bites you but does no damage. The river rat bites you.
* * * LOW HITPOINT WARNING * * *
You barely miss the river rat. You hit the rat.
You kill the rat!
You hit the rat. The rat barely misses you. The river rat closely misses you.
The rat bites you.
* * * LOW HITPOINT WARNING * * *
You hit the river rat but do no damage. You barely miss the rat.
The river rat bites you.
You die...

.~..
#.~~
.~.
##~.#
#~~~
#~.#
#~.#
#∩∩#
#@.#
#rr##
#..~#
##..#
.~~#
#~~.~
~.~.~.
##.~.#
####


You could see a river rat and a rat.

Vanquished Creatures
  An orc wizard (D:3)
  2 adders (D:2)
  A worm (D:2)
  2 dart slugs (D:1)
  2 orcs (D:3)
  4 bats (D:1)
  3 endoplasms (D:1)
  2 giant cockroaches
  11 goblins
  4 hobgoblins
  5 jackals
  5 quokkas
  6 ball pythons
  3 frilled lizards (D:1)
  3 kobolds
  9 rats
63 creatures vanquished.

Notes
Turn   | Place    | Note
-------+----------+-------------------------------------------
     0 | D:1      | Waffleman the Hill Orc Fighter began the quest for the Orb.
     0 | D:1      | Reached XP level 1. HP: 19/19 MP: 1/1
   117 | D:1      | Reached XP level 2. HP: 27/27 MP: 2/2
   415 | D:1      | Reached XP level 3. HP: 33/33 MP: 3/3
  1354 | D:2      | Found a faded altar of an unknown god.
  1572 | D:2      | Reached XP level 4. HP: 26/40 MP: 4/4
  1859 | D:2      | Gained mutation: You are dopey. (Int -2) [potion of
                  | mutation]
  1859 | D:2      | Gained mutation: You are robust. (+10% HP) [potion of
                  | mutation]
  2271 | D:3      | Found a glowing drain.
  2292 | D:3      | Reached XP level 5. HP: 24/50 MP: 5/5
  2311 | Sewer    | Entered a sewer
  2382 | Sewer    | Slain by a river rat

Illustrated notes

Levels and vault maps discovered:
D:1:      elethiomel_arrival_infinity_welcomes_careful_drivers,
          layout_loops_ring
D:2:      layout_basic, hellmonk_ecumenical_altar_dog_temple,
          hangedman_decor_opposing, chequers_decorated_corner
D:3:      layout_basic, minmay_overflow_temple_star_quad, portal_sewer_entry_a,
          serial_park_tiny_1, hangedman_decor_peaks_small, minmay_pentangle
Sewer:    sewer_hellmonk_bad_rat

Skill      XL: |  1  2  3  4 |
---------------+-------------+-----
Axes           | 3 4 |  4.8
Fighting       | 4 |  4.2
Armour         | 4 |  4.1
Dodging        | |  0.4
Stealth        | |  0.1
Shields        | |  3.6

Action                     |  1- 3 |  4- 6 || total
---------------------------+-------+-------++-------
  Melee: War axe           |   132 |    50 ||   182
    Use: Scroll            |     3 |     3 ||     6
         Potion            |       |     3 ||     3
 Armour: Scale mail        |   143 |   104 ||   247
  Dodge: Dodged            |   106 |    67 ||   173
  Block: Buckler           |    49 |    24 ||    73

Table legend: (Time is in decaauts)
 A = Elapsed time spent in this place.
 B = Non-inter-level travel time spent in this place.
 C = Inter-level travel time spent in this place.
 D = Time resting spent in this place.
 E = Time spent auto-exploring this place.
 F = Levels seen in this place.
 G = Mean time per level.
                   A        B        C        D        E       F      G
               +--------+--------+--------+--------+--------+-----+--------+
         Total |   2446 |   2028 |    418 |      0 |    398 |   4 |  611.5 |
       Dungeon |   2374 |   1956 |    418 |      0 |    398 |   3 |  791.3 |
         Sewer |     72 |     72 |      0 |      0 |      0 |   1 |   72.0 |
               +--------+--------+--------+--------+--------+-----+--------+

Top non-repeatable levels by time:
     D:1: 1109 daAuts
     D:2: 1077 daAuts
     D:3: 186 daAuts
   Sewer: 72 daAuts
